 Dungeon Crawl Stone Soup version 0.18-a0-1443-ge8f1551 (webtiles) character file.

1466 Duffy the Summoner (level 8, 0/44 HPs)
             Began as a Deep Elf Summoner on Mar 1, 2016.
             Slain by a centaur (5 damage)
             ... on level 7 of the Dungeon.
             The game lasted 00:16:15 (8835 turns).

Duffy the Summoner (Deep Elf Summoner)              Turns: 8835, Time: 00:16:15

Health: 0/44       AC:  4    Str:  5    XL:     8   Next: 48%
Magic:  14/21      EV: 15    Int: 21    God:
Gold:   298        SH:  0    Dex: 17    Spells: 7 memorised, 4 levels left

rFire  . . .     SeeInvis .     g - +1 whip (elec)
rCold  + . .     Gourm    .     a - +0 robe
rNeg   . . .     Faith    .     (no shield)
rPois  .         Spirit   .     (no helmet)
rElec  .         Dismiss  .     k - +0 cloak
rCorr  .         Reflect  .     h - +0 pair of gloves
SustAt .         Harm     .     (no boots)
MR     .....                    s - amulet of magic regeneration
Stlth  ++........               (no ring)
                                H - ring of protection from cold

@: repel missiles, not resistant to hostile enchantments, unstealthy
A: no striking features
a: no special abilities


You were on level 7 of the Dungeon.
You were hungry.

You visited 1 branch of the dungeon, and saw 7 of its levels.

You collected 298 gold pieces.


   Skills:
 - Level 2.0 Fighting
 - Level 5.4 Dodging
 - Level 2.4 Stealth
 + Level 7.7 Spellcasting
 + Level 8.2 Summonings
 - Level 4.0 Air Magic


You had 4 spell levels left.
You knew the following spells:

 Your Spells              Type           Power        Failure   Level  Hunger
a - Summon Small Mammal   Summ           ####         1%          1    None
i - Call Imp              Summ           #####...     1%          2    None
j - Summon Lightning Spi  Summ/Air       ####....     8%          4    ###....
l - Summon Ice Beast      Ice/Summ       ####....     17%         4    ###....
m - Repel Missiles        Chrm/Air       ###...       8%          2    None
n - Call Canine Familiar  Summ           #####...     1%          3    None
B - Blink                 Tloc           N/A          14%         2    None

Inventory:

Hand Weapons
 g - a +1 whip of electrocution (weapon)
Missiles
 d - 111 stones (quivered)
 v - 43 poisoned needles
 E - 2 throwing nets
 F - 4 poisoned tomahawks
Armour
 a - a +0 robe (worn)
 h - a +0 pair of gloves (worn)
 k - a +0 cloak (worn)
 y - a troll hide {Purgy}
Jewellery
 s - an amulet of magic regeneration (around neck)
 B - an uncursed amulet of faith {unknown}
 H - a ring of protection from cold (left hand)
Wands
 r - a wand of disintegration (15/24)
 C - a wand of lightning (6/15)
Scrolls
 e - 2 scrolls of remove curse
 o - a scroll of blinking {unknown}
 q - 2 scrolls of fear {unknown}
 w - 2 scrolls of amnesia {unknown}
 x - a scroll of magic mapping {unknown}
 A - a scroll of teleportation {unknown}
 I - a scroll of fog {unknown}
 L - a scroll of brand weapon {unknown}
Potions
 m - a potion of degeneration {unknown}
 n - a potion of magic
 p - 3 potions of curing
 u - a potion of brilliance
 z - a potion of cure mutation {unknown}
 D - 2 potions of heal wounds
 G - a potion of mutation {unknown}
 K - a potion of lignification {unknown}
Books
 b - a book of Callings
 l - a book of Minor Magic
 J - a book of Alchemy
Comestibles
 c - 5 bread rations
 f - 2 beef jerkies
 j - 3 slices of pizza
 t - 3 royal jellies

Dungeon Overview and Level Annotations

Branches:
Dungeon (7/15)             Temple (0/1) D:7

Altars:
Dithmenos
Nemelex Xobeh
Pakellas
Xom
Yredelemnul
Zin

Annotations:
D:6 3 exclusions


Message History

The centaur shoots an arrow of flame.
The arrow of flame misses you.
You are feeling hungry.
The centaur unwields an uncursed shortbow.
The centaur misses you. The gnoll closely misses you.
Cast which spell? (? or * to list)
A chill wind blows around you. The centaur misses you.
The gnoll barely misses you. The gnoll misses you.
Cast which spell? (? or * to list)
A chill wind blows around you. The centaur closely misses you.
The gnoll closely misses your wolf. The gnoll hits you but does no damage.
The gnoll hits you from afar with a spear.
The centaur closely misses you.
You hit the centaur but do no damage.
Your wolf barely misses the gnoll.
The centaur hits you.
The gnoll hits you from afar with a spear.
The gnoll hits you with a whip.
Your wolf bites the gnoll!
The gnoll hits you with a flail.
A gnoll sergeant comes into view. It is wielding a trident.
You hit the centaur.
The centaur is lightly wounded.
The centaur hits you!
Your wolf bites the gnoll.
The gnoll hits your ice beast. The gnoll misses your wolf.
The centaur barely misses you. The gnoll closely misses you.
Your wolf closely misses the gnoll.
The gnoll closely misses you.
Your ice beast barely misses the gnoll.
Your ice beast hits the centaur but does no damage.
You closely miss the centaur.
The centaur is lightly wounded.
Your wolf barely misses the gnoll.
The centaur hits you. The gnoll hits your ice beast.
The gnoll closely misses your wolf.
The gnoll hits you from afar with a spear!
Your ice beast closely misses the gnoll.
Your wolf closely misses the gnoll.
Your ice beast hits the centaur.
Your ice beast freezes the centaur!
The gnoll closely misses you. The centaur hits you.
You die...

.. ##........#
#....#...}.....#
###....#..g......#
........}.>.}...#
#######....#.........#
#.............g}...>
#.(..........ggcg##
#............h@YY.#
#.................#
###...(....(........#
......)...........###
..................#
.......)..........#
..........(.......#
..............#####
..$.....).....#


You could see a gnoll sergeant, a centaur, 4 gnolls, 2 friendly ice beasts and a
friendly wolf.

Action                   |  1- 3 |  4- 6 |  7- 9 || total
-------------------------+-------+-------+-------++-------
Melee: Whip              |    73 |    83 |    89 ||   245
Throw: Stone             |     1 |     3 |     4 ||     8
 Cast: Summon Small Mamm |    21 |       |       ||    21
       Call Imp          |    14 |    29 |       ||    43
       Call Canine Famil |     2 |    18 |    15 ||    35
       Repel Missiles    |       |     1 |     1 ||     2
       Summon Ice Beast  |       |     8 |    26 ||    34
  Use: Scroll            |       |     4 |     1 ||     5
 Stab: Sleeping          |     2 |     6 |     2 ||    10
       Distracted        |       |     1 |     1 ||     2
  Eat: Chunk             |     5 |    13 |     9 ||    27
       Fruit             |       |       |     6 ||     6

Notes
Turn   | Place    | Note
--------------------------------------------------------------
     0 | D:1      | Duffy the Deep Elf Summoner began the quest for the Orb.
     0 | D:1      | Reached XP level 1. HP: 10/10 MP: 6/6
   340 | D:1      | Found a sparkling altar of Nemelex Xobeh.
   340 | D:1      | Found a basalt altar of Yredelemnul.
   554 | D:1      | Reached skill level 1 in Fighting
   629 | D:1      | Reached XP level 2. HP: 16/16 MP: 5/8
   633 | D:1      | Learned a level 2 spell: Call Imp
  1143 | D:1      | Reached skill level 5 in Summonings
  1143 | D:1      | Reached XP level 3. HP: 16/20 MP: 3/9
  1463 | D:1      | Learned a level 3 spell: Call Canine Familiar
  1932 | D:2      | Reached skill level 2 in Fighting
  2183 | D:2      | Reached XP level 4. HP: 26/26 MP: 10/10
  2188 | D:2      | Learned a level 2 spell: Repel Missiles
  2241 | D:2      | Found a shimmering altar of Xom.
  3220 | D:3      | Learned a level 2 spell: Blink
  3340 | D:3      | Noticed Purgy
  3651 | D:3      | Reached skill level 4 in Spellcasting
  3803 | D:4      | Reached XP level 5. HP: 23/30 MP: 9/13
  3981 | D:4      | Found a shadowy altar of Dithmenos.
  4355 | D:4      | Reached skill level 6 in Summonings
  4380 | D:4      | Noticed Amnesiac's ghost (amateur OpTm)
  4406 | D:4      | Killed Amnesiac's ghost
  4406 | D:4      | Reached skill level 5 in Spellcasting
  4406 | D:4      | Reached XP level 6. HP: 26/35 MP: 10/15
  4489 | D:4      | Learned a level 4 spell: Summon Ice Beast
  4826 | D:3      | Killed Purgy
  4826 | D:3      | Reached skill level 1 in Air Magic
  5400 | D:5      | Entered Level 5 of the Dungeon
  5464 | D:5      | Reached skill level 2 in Air Magic
  5479 | D:5      | Noticed Duffy's ghost (amateur SpEn)
  5714 | D:5      | Reached skill level 3 in Dodging
  5720 | D:5      | Reached XP level 7. HP: 30/40 MP: 10/17
  5881 | D:5      | Killed Duffy's ghost
  5881 | D:5      | Reached skill level 4 in Dodging
  5881 | D:5      | Reached skill level 3 in Air Magic
  6403 | D:5      | Reached skill level 4 in Air Magic
  6500 | D:5      | Reached skill level 5 in Dodging
  6724 | D:5      | Reached skill level 7 in Summonings
  7192 | D:6      | Reached skill level 6 in Spellcasting
  7192 | D:6      | Reached XP level 8. HP: 44/44 MP: 8/19
  7209 | D:6      | Noticed Blork the orc
  7218 | D:6      | Killed Blork the orc
  7291 | D:6      | Learned a level 4 spell: Summon Lightning Spire
  7867 | D:6      | Reached skill level 7 in Spellcasting
  8262 | D:6      | Found a glowing silver altar of Zin.
  8320 | D:6      | Found an oddly glowing altar of Pakellas.
  8642 | D:7      | Reached skill level 8 in Summonings
  8823 | D:7      | Found a staircase to the Ecumenical Temple.
  8835 | D:7      | Slain by a centaur

Vault maps used:
D:1:      erik_arrival_cave_to_civilisation, minmay_misc_feat_plants
D:2:      lemuel_crystal_altar
D:3:      first_bread, minmay_item_behind_shaft, grunt_ministairs_2,
          kennysheep_generic_room_5, uniq_purgy
D:4:      grunt_dithmenos_smoke
D:5:      minmay_crystal_water, lexackson_kobold_supper
D:6:      kennysheep_housing_project, overflow_temple_1_default,
          overflow_temple_1_default, uniq_blork_the_orc
D:7:      kennysheep_kobold_camp, minitemple,
          nicolae_gozag_cash_rules_everything_around_me, temple_fountains

Vanquished Creatures
  The ghost of Amnesiac the Insei, an amateur OpTm
  The ghost of Duffy the Magician, an amateur SpEn of Kikubaaqudgha
  A water moccasin
  An ice beast
  2 sky beasts Purgy
  An ogre
  A phantom
  4 centaurs
  2 giant frogs
  A big kobold Blork the orc
  3 scorpions
  3 wights
  3 howler monkeys
  A crimson imp
  A hound
  2 jellies
  2 orc priests
  2 orc wizards
  2 worker ants
  A hound zombie
  A howler monkey zombie
  A gnoll
  10 adders
  A shadow imp
  2 oozes
  3 adder skeletons
  3 worms
  6 dart slugs
  5 giant geckos
  14 orcs
  6 bats
  3 giant cockroaches
  3 goblins
  5 hobgoblins
  10 jackals
  15 kobolds
  2 quokkas
  3 ball pythons
  5 giant newts
  5 rats
  3 plants
143 creatures vanquished.
